[ AOE2 MATCH · #505317125 ]
UnrankedByzantines vs Burmese
Player's team · LOSS
Rival team · WIN
[ REPLAY ANALYSIS · EXTRACTED FROM THE RECORDED GAME ]
Feudal
12:41
Castle
18:42
Imperial
—
| APM avg | 49.9 |
| APM peak | 129 |
| eAPM avg | 20.5 |
| Villagers / military | 36 / 18 |
Focus
⚔️ 32.4% · 🌾 67.6%
Archer ×15 · Militia ×3
Feudal
10:32
Castle
14:55
Imperial
—
| APM avg | 55.4 |
| APM peak | 114 |
| eAPM avg | 25.3 |
| Villagers / military | 28 / 16 |
Focus
⚔️ 62.5% · 🌾 37.5%
Arambai ×14 · Mangonel ×2
Match map
Initial resources + every placement click. Lines = walls · curves = elevation contours. ◆ gold · ⬟ stone · ● berries · ✦ relic · ◌ wall gap
Your base· Open — unwalled flank
RedPhosphoru's base· Open — unwalled flank
Smoothed initial terrain · ◌ = detected wall gap · hover for details
Inputs per minute
— fray - - RedPhosphoru
Build order — fray
98 actions detected in the replay
| 0:00 | Queue | Villager (Male) |
| 0:01 | Queue | Villager (Male) |
| 0:02 | Build | House |
| 0:04 | Build | House |
| 0:11 | Queue | Villager (Male) |
| 0:11 | Queue | Villager (Male) |
| 0:11 | Queue | Villager (Male) |
| 1:31 | Queue | Villager (Male) |
| 1:59 | Build | Lumber Camp |
| 2:05 | Queue | Villager (Male) |
| 2:05 | Queue | Villager (Male) |
| 2:29 | Queue | Villager (Male) |
| 2:29 | Queue | Villager (Male) |
| 2:55 | Queue | Villager (Male) |
| 2:55 | Queue | Villager (Male) |
| 2:56 | Queue | Villager (Male) |
| 3:46 | Queue | Villager (Male) |
| 3:46 | Queue | Villager (Male) |
| 3:59 | Build | House |
| 4:03 | Queue | Villager (Male) |
| 4:03 | Queue | Villager (Male) |
| 4:09 | Build | House |
| 4:15 | Queue | Villager (Male) |
| 4:16 | Queue | Villager (Male) |
| 4:17 | Build | House |
| 4:49 | Queue | Villager (Male) |
| 5:41 | Queue | Villager (Male) |
| 5:41 | Queue | Villager (Male) |
| 6:01 | Build | Barracks |
| 6:36 | Queue | Villager (Male) |
| 7:02 | Build | House |
| 7:02 | Queue | Militia |
| 7:03 | Queue | Militia |
| 7:03 | Queue | Militia |
| 7:05 | Queue | Villager (Male) |
| 7:27 | Build | House |
| 7:41 | Build | Palisade Wall |
| 7:46 | Build | Palisade Wall |
| 7:51 | Queue | Villager (Male) |
| 7:52 | Queue | Villager (Male) |
| 8:19 | Queue | Villager (Male) |
| 8:37 | Build | House |
| 9:04 | Build | Mill |
| 9:07 | Queue | Villager (Male) |
| 9:35 | Queue | Villager (Male) |
| 10:06 | Queue | Villager (Male) |
| 10:16 | Build | House |
| 10:17 | Build | Palisade Wall |
| 10:31 | Research | Feudal Age |
| 10:54 | Build | Palisade Wall |
| 11:11 | Build | Mining Camp |
| 11:39 | Research | Loom |
| 12:16 | Build | Farm |
| 12:41 | Age | Feudal Age |
| 12:52 | Build | Archery Range |
| 12:56 | Research | Man-at-Arms (upgrade) |
| 13:10 | Queue | Villager (Male) |
| 13:13 | Build | Farm |
| 13:15 | Build | Farm |
| 13:22 | Build | Blacksmith |
| 13:37 | Queue | Villager (Male) |
| 13:46 | Queue | Archer |
| 13:53 | Build | House |
| 14:07 | Build | Farm |
| 14:10 | Queue | Villager (Male) |
| 14:18 | Build | Farm |
| 14:23 | Build | Farm |
| 14:25 | Build | Farm |
| 14:29 | Queue | Archer |
| 14:41 | Queue | Villager (Male) |
| 14:52 | Queue | Archer |
| 15:36 | Build | House |
| 16:02 | Research | Castle Age |
| 16:02 | Research | Castle Age |
| 16:23 | Queue | Archer |
| 16:24 | Queue | Archer |
| 16:34 | Build | Mining Camp |
| 17:32 | Build | House |
| 17:49 | Research | Fletching |
| 17:50 | Research | Fletching |
| 18:38 | Queue | Archer |
| 18:42 | Age | Castle Age |
| 18:43 | Research | Crossbowman (upgrade) |
| 18:43 | Research | Crossbowman (upgrade) |
| 18:44 | Research | Bodkin Arrow |
| 18:44 | Research | Bodkin Arrow |
| 18:54 | Build | Archery Range |
| 19:24 | Queue | Archer |
| 19:24 | Queue | Archer |
| 19:37 | Queue | Archer |
| 19:37 | Queue | Archer |
| 20:05 | Queue | Archer |
| 20:39 | Queue | Villager (Male) |
| 20:40 | Queue | Villager (Male) |
| 20:55 | Queue | Archer |
| 20:56 | Queue | Archer |
| 20:57 | Queue | Archer |
| 20:58 | Queue | Archer |
Build order — RedPhosphoru
104 actions detected in the replay
| 0:00 | Queue | Villager (Male) |
| 0:01 | Queue | Villager (Male) |
| 0:02 | Build | House |
| 0:03 | Build | House |
| 0:09 | Queue | Villager (Male) |
| 0:11 | Queue | Villager (Male) |
| 1:22 | Queue | Villager (Male) |
| 1:49 | Queue | Villager (Male) |
| 2:16 | Queue | Villager (Male) |
| 2:35 | Build | Lumber Camp |
| 2:39 | Queue | Villager (Male) |
| 2:48 | Queue | Villager (Male) |
| 3:09 | Queue | Villager (Male) |
| 3:14 | Build | House |
| 3:15 | Build | Palisade Wall |
| 3:17 | Build | Palisade Wall |
| 3:17 | Build | Palisade Wall |
| 3:18 | Build | Palisade Wall |
| 3:19 | Build | Palisade Wall |
| 3:27 | Queue | Villager (Male) |
| 3:53 | Queue | Villager (Male) |
| 4:02 | Queue | Villager (Male) |
| 4:07 | Build | Palisade Wall |
| 4:08 | Build | Palisade Wall |
| 4:08 | Build | Palisade Wall |
| 4:09 | Build | Palisade Wall |
| 4:15 | Queue | Villager (Male) |
| 4:20 | Build | House |
| 4:43 | Queue | Villager (Male) |
| 5:08 | Queue | Villager (Male) |
| 5:28 | Build | Palisade Wall |
| 5:33 | Build | Palisade Wall |
| 5:34 | Build | Palisade Wall |
| 5:38 | Queue | Villager (Male) |
| 6:06 | Queue | Villager (Male) |
| 6:12 | Build | Palisade Wall |
| 6:13 | Build | Palisade Wall |
| 6:21 | Queue | Villager (Male) |
| 6:43 | Build | Mill |
| 6:46 | Queue | Villager (Male) |
| 6:49 | Build | Palisade Wall |
| 6:51 | Build | Palisade Wall |
| 6:52 | Build | Palisade Wall |
| 6:54 | Build | Palisade Wall |
| 7:11 | Queue | Villager (Male) |
| 7:19 | Build | Palisade Wall |
| 7:19 | Build | Palisade Wall |
| 7:43 | Build | Palisade Wall |
| 7:45 | Queue | Villager (Male) |
| 7:52 | Build | Palisade Wall |
| 7:52 | Build | Palisade Wall |
| 7:53 | Build | Palisade Wall |
| 8:15 | Build | Mining Camp |
| 8:22 | Research | Feudal Age |
| 8:32 | Research | Loom |
| 10:20 | Queue | Villager (Male) |
| 10:32 | Age | Feudal Age |
| 10:41 | Build | Market |
| 10:56 | Build | Blacksmith |
| 12:15 | Research | Castle Age |
| 12:34 | Build | Farm |
| 12:37 | Build | Farm |
| 13:44 | Build | Stone Wall |
| 13:52 | Build | Stone Wall |
| 13:55 | Queue | Villager (Male) |
| 14:21 | Queue | Villager (Male) |
| 14:55 | Age | Castle Age |
| 15:41 | Build | Castle |
| 15:43 | Build | Palisade Wall |
| 15:48 | Build | House |
| 15:51 | Build | House |
| 15:53 | Build | Palisade Wall |
| 15:55 | Build | Palisade Wall |
| 16:05 | Queue | Villager (Male) |
| 16:18 | Build | Stone Wall |
| 16:20 | Build | Stone Wall |
| 16:31 | Build | House |
| 16:38 | Queue | Arambai |
| 16:38 | Queue | Arambai |
| 16:56 | Build | Mining Camp |
| 16:57 | Queue | Arambai |
| 16:58 | Queue | Arambai |
| 17:11 | Build | House |
| 17:14 | Build | House |
| 17:30 | Queue | Villager (Male) |
| 17:34 | Build | Palisade Wall |
| 17:35 | Build | Palisade Wall |
| 17:36 | Build | Palisade Wall |
| 17:39 | Queue | Arambai |
| 18:16 | Queue | Arambai |
| 18:16 | Queue | Arambai |
| 18:17 | Queue | Villager (Male) |
| 18:40 | Queue | Arambai |
| 18:43 | Build | Mining Camp |
| 18:50 | Queue | Arambai |
| 19:00 | Queue | Arambai |
| 19:34 | Build | Siege Workshop |
| 19:41 | Build | Farm |
| 19:57 | Queue | Arambai |
| 20:15 | Queue | Mangonel |
| 20:15 | Queue | Mangonel |
| 20:46 | Queue | Arambai |
| 20:46 | Queue | Arambai |
| 21:10 | Queue | Arambai |
Match timeline
| 3:15 | RedPhosphoru · wall_segment Palisade Wall x1 |
| 3:17 | RedPhosphoru · wall_segment Palisade Wall x1 |
| 3:17 | RedPhosphoru · wall_segment Palisade Wall x1 |
| 3:18 | RedPhosphoru · wall_segment Palisade Wall x1 |
| 3:19 | RedPhosphoru · wall_segment Palisade Wall x1 |
| 4:07 | RedPhosphoru · wall_segment Palisade Wall x1 |
| 4:08 | RedPhosphoru · wall_segment Palisade Wall x1 |
| 4:08 | RedPhosphoru · wall_segment Palisade Wall x1 |
| 4:09 | RedPhosphoru · wall_segment Palisade Wall x1 |
| 5:28 | RedPhosphoru · wall_segment Palisade Wall x1 |
| 5:33 | RedPhosphoru · wall_segment Palisade Wall x8 |
| 5:34 | RedPhosphoru · wall_segment Palisade Wall x1 |
| 6:01 | fray · first_building Barracks |
| 6:12 | RedPhosphoru · wall_segment Palisade Wall x1 |
| 6:13 | RedPhosphoru · wall_segment Palisade Wall x1 |
| 6:49 | RedPhosphoru · wall_segment Palisade Wall x1 |
| 6:51 | RedPhosphoru · wall_segment Palisade Wall x1 |
| 6:52 | RedPhosphoru · wall_segment Palisade Wall x1 |
| 6:54 | RedPhosphoru · wall_segment Palisade Wall x4 |
| 7:19 | RedPhosphoru · wall_segment Palisade Wall x2 |
| 7:19 | RedPhosphoru · wall_segment Palisade Wall x1 |
| 7:41 | fray · wall_segment Palisade Wall x5 |
| 7:43 | RedPhosphoru · wall_segment Palisade Wall x1 |
| 7:46 | fray · wall_segment Palisade Wall x6 |
| 7:52 | RedPhosphoru · wall_segment Palisade Wall x1 |
| 7:52 | RedPhosphoru · wall_segment Palisade Wall x1 |
| 7:53 | RedPhosphoru · wall_segment Palisade Wall x1 |
| 10:17 | fray · wall_segment Palisade Wall x3 |
| 10:32 | RedPhosphoru · age_up feudal |
| 10:54 | fray · wall_segment Palisade Wall x9 |
| 11:39 | RedPhosphoru · first_market_sell 100 stone |
| 12:41 | fray · age_up feudal |
| 12:52 | fray · first_building Archery Range |
| 13:44 | RedPhosphoru · wall_segment Stone Wall x1 |
| 13:52 | RedPhosphoru · wall_segment Stone Wall x1 |
| 14:55 | RedPhosphoru · age_up castle |
| 15:41 | RedPhosphoru · first_building Castle |
| 15:43 | RedPhosphoru · wall_segment Palisade Wall x1 |
| 15:53 | RedPhosphoru · wall_segment Palisade Wall x1 |
| 15:55 | RedPhosphoru · wall_segment Palisade Wall x1 |
| 16:18 | RedPhosphoru · wall_segment Stone Wall x1 |
| 16:20 | RedPhosphoru · wall_segment Stone Wall x1 |
| 17:34 | RedPhosphoru · wall_segment Palisade Wall x1 |
| 17:35 | RedPhosphoru · wall_segment Palisade Wall x1 |
| 17:36 | RedPhosphoru · wall_segment Palisade Wall x1 |
| 18:42 | fray · age_up castle |
| 19:34 | RedPhosphoru · first_building Siege Workshop |
| 21:27 | fray · resign |
[ AI ANALYSIS · 1 CREDIT ]
What really happened in this match?
Wolo.gg analyzes every decision: build order, eco, micro, common mistakes by bracket. Personalized analysis on WhatsApp or Discord in 30 seconds.
Civ guide
Byzantines
Perfil
Jugador #1041998